 Dungeon Crawl Stone Soup version 0.30-a0-722-g3e6e8c874d (webtiles) character file.

Game seed: 9167519404712920303

207 voltaire321 the Sneak (level 5, -7/36 HPs)
             Began as an Octopode Brigand on Jan 28, 2023.
             Mangled by an ogre
             ... wielding a +0 giant spiked club
              (21 damage)
             ... on level 3 of the Dungeon.
             The game lasted 00:05:10 (1817 turns).

voltaire321 the Sneak (Octopode Brigand)            Turns: 1817, Time: 00:05:11

Health: -7/36      AC:  1    Str: 10    XL:     5   Next: 85%
Magic:  5/5        EV: 13    Int: 14    God:
Gold:   96         SH:  0    Dex: 15    Spells: 4/4 levels left

rFire   . . .      SeeInvis .    j - +2 dagger (venom)
rCold   . . .      Faith    .    (no shield)
rNeg    . . .      Spirit   .    (helmet restricted)
rPois   .          Reflect  .    (no amulet)
rElec   .          Harm     .    q - ring of willpower
rCorr   .          Rampage  .    (no ring)
Will    +....                    (no ring)
Stlth   ++++                     (no ring)
HPRegen 0.26/turn                (no ring)
MPRegen 0.09/turn                (no ring)
                                 (no ring)
                                 (no ring)

@: no status effects
A: almost no armour, amphibious, 8 rings, camouflage 1, gelatinous body 1,
(nimble swimmer 1), tentacles
a: no special abilities


You were on level 3 of the Dungeon.
You visited 1 branch of the dungeon, and saw 3 of its levels.

You collected 96 gold pieces.

Inventory:

Hand Weapons
 a - a +2 dagger
 j - a +2 dagger of venom (weapon)
Missiles
 b - 15 poisoned darts (quivered)
 c - 3 curare-tipped darts
 m - 2 javelins
Magical Staves
 e - a staff of conjuration
Jewellery
 n - a ring of fire
 q - a ring of willpower (left tentacle)
Scrolls
 d - 5 scrolls of identify {unknown}
 f - 2 scrolls of teleportation {unknown}
 h - a scroll of noise {unknown}
 i - a scroll of poison {unknown}
 k - 2 scrolls of magic mapping {unknown}
 r - a scroll of enchant weapon {unknown}
 s - a scroll of fog {unknown}
Potions
 g - 3 potions of curing {unknown}
 l - a potion of degeneration {unknown}
 o - a potion of attraction {unknown}
 p - a potion of might {unknown}


   Skills:
 + Level 3.1 Fighting
 + Level 3.1 Short Blades
 + Level 3.1 Throwing
 + Level 2.4 Dodging
 + Level 6.4 Stealth
 + Level 0.1 Spellcasting


You had 4 spell levels left.
You didn't know any spells.
Your spell library contained the following spells:

 Spells                   Type           Power      Damage    Failure   Level
 Blade Hands              Tmut           0%         N/A       100%        5
 Iron Shot                Conj/Erth      0%         9d1       100%        6
 Animate Armour           Summ/Erth      Unusable   N/A       N/A         4

Dungeon Overview and Level Annotations

Branches:
Dungeon (3/15)

Altars:


Innate Abilities, Weirdness & Mutations

You cannot wear most types of armour.
You are amphibious.
You can wear up to eight rings at the same time.
Your skin changes colour to match your surroundings (Stealth+).
Your rubbery body absorbs attacks. (AC +1, EV +1)
((You are camouflaged when in or above water. (Stealth+)))
You have tentacles for arms and can constrict up to eight enemies at once.


Message History

You see here a +0 leather armour.
You now have 96 gold pieces (gained 16).
A hobgoblin comes into view.
You see here a scroll labelled AXA NUMANYQ.
Throw: 16 darts (poison)
Press: ? - help, Q - select action, (/) - cycle Shift-Dir - straight line, f - hobgoblin
Aim: a hobgoblin (asleep, 98% to hit)
You throw a poisoned dart. The poisoned dart hits the hobgoblin!
The hobgoblin is poisoned.
The hobgoblin completely misses you.
You see here a scroll labelled BIMETS BOHI.
You closely miss the hobgoblin. Your grab misses the hobgoblin.
The hobgoblin is almost dead.
The hobgoblin barely misses you.
You hit the hobgoblin.
You kill the hobgoblin!
d - 5 scrolls labelled BIMETS BOHI (gained 1)
s - a scroll labelled AXA NUMANYQ
b - 16 poisoned darts (gained 1)
You see here a hobgoblin corpse.
A kobold and an ogre come into view.
Found a dagger.
The ogre moves out of view.
Throw: 16 darts (poison)
Press: ? - help, Q - select action, (/) - cycle Shift-Dir - straight line, f - kobold
Aim: a kobold, wielding a +0 dagger and quivering stones (asleep, 98% to hit)
You throw a poisoned dart. The poisoned dart hits the kobold.
The kobold is poisoned.
A ball python and a rat come into view.
Found an escape hatch in the floor.
Found a stone staircase leading up.
The kobold throws a stone.
The stone hits you.
Found 8 gold pieces.
You hit the kobold.
You kill the kobold!
The ogre hits you with a +0 giant spiked club!!
Ouch! That really hurt!
The ball python hisses angrily.
The ogre attacks as you move away!
The ogre hits you with a +0 giant spiked club!!
Ouch! That really hurt!
You die...

#####.#.....#.#..#########
....#.#.###.#.#.........
###.#.#.#...#.#..######...
###.#.#.#.###.#..#####....
..............รท.>.........
#####.##..#####..#####.#..
#....#..# #..#........$
#.####..# #.@#......#.
#.......# #..O.)(.....
#######.# #...#....... #.#
#........... #..
.............
###.......)... .#.#........
###.######### #.


You could see an ogre.

Vanquished Creatures
  Sigmund (D:2)
  An adder (D:2)
  2 dart slugs (D:1)
  3 ball pythons
  3 endoplasms
  2 giant cockroaches
  11 goblins
  3 hobgoblins
  4 kobolds
  A quokka (D:1)
  3 bats
  2 frilled lizards
  6 rats
42 creatures vanquished.

Notes
Turn   | Place    | Note
-------+----------+-------------------------------------------
     0 | D:1      | voltaire321 the Octopode Brigand began the quest for the
                  | Orb.
     0 | D:1      | Reached XP level 1. HP: 14/14 MP: 1/1
   145 | D:1      | Reached XP level 2. HP: 15/19 MP: 2/2
   308 | D:1      | Reached XP level 3. HP: 24/24 MP: 3/3
   870 | D:2      | Noticed Sigmund
   876 | D:2      | Killed Sigmund
   877 | D:2      | Reached skill level 6 in Stealth
   877 | D:2      | Reached XP level 4. HP: 16/31 MP: 4/4
   877 | D:2      | Reached XP level 5. HP: 19/36 MP: 5/5
  1810 | D:3      | Noticed an ogre
  1817 | D:3      | Mangled by an ogre

Illustrated notes

Levels and vault maps discovered:
D:1:      dpeg_arrival_castle, layout_rooms, minmay_vboxes
D:2:      layout_loops_ring, serial_forest, infiniplex_forest_corner_1,
          infiniplex_forest_clump_double, infiniplex_forest_end_1,
          infiniplex_forest_straight_2, infiniplex_forest_end_3,
          infiniplex_forest_clump_diagonal, uniq_sigmund
D:3:      layout_basic, pdpol_wu_jian_five_deadly_venoms

Skill      XL: |  1  2  3 |
---------------+----------+-----
Fighting       | 3 |  3.1
Short Blades   | 3 |  3.1
Throwing       | 3 |  3.1
Dodging        | 2 |  2.4
Stealth        | 6 |  6.4
Spellcasting   | |  0.1

Action                     |  1- 3 |  4- 6 || total
---------------------------+-------+-------++-------
  Melee: Dagger            |    55 |    14 ||    69
         Constrict         |    13 |     2 ||    15
         Tentacles         |     5 |     3 ||     8
  Throw: Dart              |    10 |     8 ||    18
   Stab: Sleeping          |     4 |     3 ||     7
 Armour: Skin              |     1 |     1 ||     2
  Dodge: Dodged            |    22 |     6 ||    28

Table legend: (Time is in decaauts)
 A = Elapsed time spent in this place.
 B = Non-inter-level travel time spent in this place.
 C = Inter-level travel time spent in this place.
 D = Time resting spent in this place.
 E = Time spent auto-exploring this place.
 F = Levels seen in this place.
 G = Mean time per level.
                   A        B        C        D        E       F      G
               +--------+--------+--------+--------+--------+-----+--------+
         Total |   1804 |   1747 |     57 |    130 |   1130 |   3 |  601.3 |
       Dungeon |   1804 |   1747 |     57 |    130 |   1130 |   3 |  601.3 |
               +--------+--------+--------+--------+--------+-----+--------+

Top non-repeatable levels by time:
     D:2: 907 daAuts
     D:1: 657 daAuts
     D:3: 240 daAuts
